 Dungeon Crawl Stone Soup version 0.19.0-11-g3fc08b3 (webtiles) character file.

106 Xarkox the Conjurer (level 4, -3/33 HPs)
             Began as a Draconian Conjurer on Nov 8, 2016.
             Slain by Grinder (6 damage)
             ... while paralysed by Grinder
             ... on level 4 of the Dungeon.
             The game lasted 00:40:29 (3084 turns).

Xarkox the Conjurer (Draconian Conjurer)            Turns: 3084, Time: 00:40:30

Health: -3/33      AC:  6    Str: 11    XL:     4   Next: 55%
Magic:  3/8        EV:  2    Int: 16    God:
Gold:   152        SH:  0    Dex: 14    Spells: 2 memorised, 5 levels left

rFire  . . .     SeeInvis .     x - +0 mace (protect)
rCold  . . .     Gourm    .     (armour unavailable)
rNeg   . . .     Faith    .     (no shield)
rPois  +         Spirit   .     (helmet restricted)
rElec  .         Reflect  .     H - +0 cloak
rCorr  .         Harm     .     (no gloves)
MR     .....                    (no boots)
Stlth  ++........               (no amulet)
                                p - ring of poison resistance
                                c - +3 ring of dexterity

@: paralysed
A: unfitting armour, cold-blooded, AC +5
a: no special abilities


You were on level 4 of the Dungeon.
You were not hungry.

You visited 1 branch of the dungeon, and saw 4 of its levels.

You collected 152 gold pieces.

Inventory:

Hand Weapons
 b - a +0 trident
 d - a +0 club
 e - a +0 club
 g - a +0 club
 h - a +0 club
 l - a +0 short sword
 m - a +0 club
 n - a +0 dagger
 s - a +0 club
 x - a +0 mace of protection (weapon)
 z - a cursed -1 club
 C - a +0 club
 D - a +0 club
 J - a +0 club
 N - a +0 dagger
 O - a +0 club
Missiles
 f - 18 bolts
 i - 21 arrows
 k - 67 stones (quivered)
 F - 2 javelins
 P - 11 poisoned needles
Armour
 q - a +0 robe
 u - a +0 helmet
 y - a +0 shield
 A - a +0 robe
 H - a +0 cloak (worn)
 I - a +0 ring mail
Jewellery
 c - a +3 ring of dexterity (left hand)
 p - a ring of poison resistance (right hand)
Scrolls
 o - 2 scrolls of identify
 v - a scroll of magic mapping
 w - a scroll of fear
 G - a scroll of enchant weapon {unknown}
 K - a scroll of noise {unknown}
Potions
 r - 2 potions of curing {unknown}
 E - a potion of resistance
 Q - a potion of ambrosia {unknown}
Books
 a - a book of Conjurations

   Spells                             Type                      Level
   a - Magic Dart                     Conjuration                  1
   b - Searing Ray                    Conjuration                  2
   c - Dazzling Spray                 Conjuration/Hexes            3
   d - Fulminant Prism                Conjuration/Hexes            4
   e - Iskenderun's Mystic Blast      Conjuration                  4
   f - Iskenderun's Battlesphere      Conjuration/Charms           5
 M - a book of Callings

   Spells                             Type                      Level
   a - Summon Small Mammal            Summoning                    1
   b - Call Imp                       Summoning                    2
   c - Call Canine Familiar           Summoning                    3
   d - Summon Guardian Golem          Hexes/Summoning              3
   e - Summon Lightning Spire         Summoning/Air                4
   f - Summon Ice Beast               Ice/Summoning                4
Comestibles
 j - 2 meat rations
 B - a slice of pizza
 L - a bread ration


   Skills:
 + Level 0.2 Fighting
 + Level 0.4 Short Blades
 + Level 0.2 Maces & Flails
 + Level 2.0 Dodging
 + Level 1.9 Stealth
 + Level 2.7 Spellcasting
 + Level 5.3 Conjurations


You had 5 spell levels left.
You knew the following spells:

 Your Spells              Type           Power        Failure   Level  Hunger
a - Magic Dart            Conj           ###.         2%          1    #......
b - Searing Ray           Conj           ###...       4%          2    ##.....


Dungeon Overview and Level Annotations

Branches:
Dungeon (4/15)
 Temple: D:4-7

Altars:

Annotations:
D:4 Grinder


Innate Abilities, Weirdness & Mutations

Your plain brown scales are hard. (AC +5)
You cannot fit into any form of body armour.
You are cold-blooded and may be slowed by cold attacks.


Message History

Grinder closely misses you.
There is a stone staircase leading down here.
Casting: Searing Ray
Confirm with . or Enter, or press ? or * to list all spells.
Okay, then.
Grinder says, "Don't move a muscle."
Grinder completely misses you.
You climb downwards.
There is a stone staircase leading up here.
Grinder hits you but does no damage.
You climb upwards.
There is a stone staircase leading down here.
Grinder hits you.
* * * LOW HITPOINT WARNING * * *
You climb downwards.
There is a stone staircase leading up here.
Grinder gestures at you.
You suddenly lose the ability to move!
Grinder hits you.
You die...

#....#
#....#
#....#
#....#
#....#
#....#
+....#
#.5@.#
#....#
#....#
######


You could see Grinder.

Vanquished Creatures
  3 adders
  2 worms
  A dart slug (D:1)
  2 leopard geckos
  2 orcs (D:3)
  6 giant cockroaches
  9 goblins
  6 hobgoblins
  13 jackals
  A quokka (D:2)
  6 bats
  3 frilled lizards
  3 kobolds
  4 rats
61 creatures vanquished.

Notes
Turn   | Place    | Note
-------+----------+-------------------------------------------
     0 | D:1      | Xarkox the Draconian Conjurer began the quest for the Orb.
     0 | D:1      | Reached XP level 1. HP: 14/14 MP: 3/3
   596 | D:1      | Reached XP level 2. HP: 15/20 MP: 0/5
  1486 | D:2      | Reached XP level 3. HP: 20/26 MP: 0/6
  1761 | D:2      | Reached skill level 5 in Conjurations
  2078 | D:2      | Reached XP level 4. HP: 21/33 MP: 7/7
  2296 | D:3      | Learned a level 2 spell: Searing Ray
  2724 | D:3      | Noticed Grinder
  2747 | D:3      | Paralysed by Grinder for 4 turns
  2753 | D:3      | Paralysed by Grinder for 4 turns
  3064 | D:3      | Paralysed by Grinder for 2 turns
  3083 | D:4      | Paralysed by Grinder for 3 turns
  3084 | D:4      | Slain by Grinder

Skill      XL: |  1  2  3 |
---------------+----------+-----
Dodging        | 2 |  2.0
Conjurations   | 5 |  5.3
Fighting       | |  0.2
Short Blades   | |  0.4
Maces & Flails | |  0.2
Stealth        | |  1.9
Spellcasting   | |  2.7

Action                   |  1- 3 |  4- 6 || total
-------------------------+-------+-------++-------
Melee: Unarmed           |     5 |       ||     5
       Club              |    13 |       ||    13
       Tailslap          |    11 |     5 ||    16
       Short sword       |    22 |       ||    22
       Mace              |    12 |    35 ||    47
Throw: Stone             |     9 |       ||     9
 Cast: Magic Dart        |    91 |     9 ||   100
       Searing Ray       |       |    13 ||    13
  Use: Scroll            |     5 |     2 ||     7
  Eat: Bread ration      |     1 |     1 ||     2
Armor: Skin              |    24 |    20 ||    44
Dodge: Dodged            |    60 |    37 ||    97
